 Dungeon Crawl Stone Soup version 0.24.0-13-gcf9b319 (webtiles) character file.

Game seed: 1532567219813277212, levelgen mode: deterministic

186 CBukowski the Covered (level 5, -11/47 HPs)
             Began as a Minotaur Fighter on Nov 11, 2019.
             Mangled by an ogre
             ... wielding a +0 giant club
              (13 damage)
             ... on level 4 of the Dungeon.
             The game lasted 00:15:54 (3043 turns).

CBukowski the Covered (Minotaur Fighter)            Turns: 3043, Time: 00:15:56

Health: -11/47     AC: 14    Str: 22    XL:     5   Next: 38%
Magic:  0/4        EV:  7    Int:  5    God:
Gold:   119        SH: 10    Dex:  9    Spells: 4/4 levels left

rFire    . . .     SeeInvis .   a - +0 war axe
rCold    . . .     Gourm    .   c - +1 shield
rNeg     . . .     Faith    .   x - +0 plate armour
rPois    .         Spirit   +   (helmet restricted)
rElec    .         Reflect  .   v - +1 cloak
rCorr    .         Harm     .   (no gloves)
MR       .....                  (no boots)
Stlth    ..........             u - amulet of guardian spirit
HPRegen  0.15/turn              n - +3 ring of evasion
MPRegen  0.09/turn              (no ring)

@: about to teleport
A: retaliatory headbutt, horns 2
a: no special abilities


You were on level 4 of the Dungeon.
You were not hungry.

You visited 1 branch of the dungeon, and saw 4 of its levels.

You collected 119 gold pieces.

Inventory:

Hand Weapons
 a - a +0 war axe (weapon)
 r - a +4 quarterstaff of chaos
Missiles
 j - 13 poisoned darts (quivered)
Armour
 b - a +0 scale mail
 c - a +1 shield (worn)
 v - a +1 cloak (worn)
 x - a +0 plate armour (worn)
Jewellery
 n - a +3 ring of evasion (left hand)
 u - an amulet of guardian spirit (around neck)
Wands
 q - a wand of scattershot (5)
Scrolls
 e - 2 scrolls of teleportation
 g - a scroll of enchant armour
 h - a scroll of remove curse
 k - 2 scrolls of magic mapping
 l - a scroll of immolation {unknown}
 p - 2 scrolls of amnesia
Potions
 d - a potion of resistance
 i - 2 potions of heal wounds {unknown}
 m - a potion of agility {unknown}
 t - a potion of mutation {unknown}
 w - 2 potions of degeneration {unknown}
Comestibles
 f - 5 rations


   Skills:
 + Level 4.4 Fighting
 + Level 4.1 Axes
 + Level 5.1 Armour
 + Level 0.9 Dodging
 + Level 4.6 Shields


You had 4 spell levels left.
You didn't know any spells.
Your spell library was empty.

Dungeon Overview and Level Annotations

Branches:
Dungeon (4/15)
 Temple: D:4-7

Altars:


Innate Abilities, Weirdness & Mutations

You reflexively headbutt those who attack you in melee.
You have a pair of horns on your head.


Message History

The shadow imp gestures at you. Pain shoots through your body!
* * * LOW HITPOINT WARNING * * *
You slash the shadow imp!
You kill the shadow imp!
Your shield prevents you from hitting the jackal.
You hit the jackal but do no damage. You block the jackal's attack.
The jackal bites you but does no damage.
You block the jackal's attack.
The jackal bites you but does no damage.
The ogre hits you with a +0 giant club!
* * * LOW HITPOINT WARNING * * *
You hit the jackal. You headbutt the jackal.
You kill the jackal!
You slash the jackal!
You kill the jackal!
You slash the ogre!
The giant cockroach bites you but does no damage.
The ogre hits you with a +0 giant club!
You die...

.......##....## ##.##
###.....#.....####...#
##.).)........#.....#
##...####.#..........#
#..######.##........##
†..###............###
......<...#.......##
#.........#........##
...............s@†..#
............####†O###
..##.......###......#
............#....†..#
#.......##......%...#
................(....#
.##... .#..........# #
... #...........# ..
##...........^


You could see an ogre and a giant cockroach.

Vanquished Creatures
  Crazy Yiuf (D:3)
  Robin (D:2)
  4 adders
  A shadow imp (D:4)
  3 oozes
  2 worms
  2 dart slugs (D:1)
  2 leopard geckos
  4 orcs
  9 bats
  3 giant cockroaches
  16 goblins
  5 hobgoblins
  6 jackals (D:4)
  A quokka (D:3)
  5 frilled lizards
  6 kobolds
  4 rats
75 creatures vanquished.

Notes
Turn   | Place    | Note
-------+----------+-------------------------------------------
     0 | D:1      | CBukowski the Minotaur Fighter began the quest for the Orb.
     0 | D:1      | Reached XP level 1. HP: 19/19 MP: 0/0
   234 | D:1      | Reached XP level 2. HP: 20/27 MP: 1/1
   416 | D:1      | Reached skill level 4 in Armour
   864 | D:1      | Reached XP level 3. HP: 33/33 MP: 2/2
  1249 | D:2      | Noticed Robin
  1269 | D:2      | Killed Robin
  1284 | D:2      | Reached XP level 4. HP: 28/40 MP: 3/3
  2166 | D:3      | Reached skill level 5 in Armour
  2172 | D:3      | Reached XP level 5. HP: 34/46 MP: 4/4
  2395 | D:3      | Found a runed translucent door.
  2396 | D:3      | Noticed Crazy Yiuf
  2408 | D:3      | Killed Crazy Yiuf
  3027 | D:4      | Noticed an ogre
  3042 | D:4      | HP: 2/47 [ogre/+0 giant club (9)]
  3043 | D:4      | Mangled by an ogre

Levels and vault maps discovered:
D:1:      evilmike_arrival_rings, layout_basic, hangedman_decor_push,
          minmay_pentomino_o2
D:2:      layout_basic, serial_forest, infiniplex_forest_lined_room_2,
          infiniplex_forest_lined_room_2, infiniplex_forest_lined_3,
          infiniplex_forest_lined_2, infiniplex_forest_lined_2,
          infiniplex_forest_clump_curved, infiniplex_forest_clump_curved,
          infiniplex_forest_lined_1, uniq_robin
D:3:      layout_rooms, first_ration, minmay_ruptured, uniq_crazy_yiuf_cottage
D:4:      layout_cave_pools, yredelemnul_altar_generic

Skill      XL: |  1  2  3  4  5 |
---------------+----------------+-----
Armour         | 4 5 |  5.1
Fighting       | 4 |  4.4
Shields        | 4 |  4.6
Axes           | 3 4 |  4.1
Dodging        | |  0.9

Action                   |  1- 3 |  4- 6 || total
-------------------------+-------+-------++-------
Melee: War axe           |    73 |    84 ||   157
       Headbutt          |    10 |    15 ||    25
  Use: Scroll            |       |     8 ||     8
       Potion            |       |     1 ||     1
  Eat: Chunk             |     1 |     1 ||     2
       Ration            |       |     2 ||     2
Armor: Scale mail        |    31 |    24 ||    55
       Plate armour      |       |     6 ||     6
Dodge: Dodged            |    25 |    39 ||    64
Block: Shield            |    41 |    45 ||    86
